 Dungeon Sprint DCSS version 0.27.1 (webtiles) character file.

Game seed: 17059754780155496369

5875 styxcanada the Imperceptible (level 10, -8/53 HPs)
             Began as a Spriggan Brigand on Aug 22, 2021.
             Was an Initiate of Gozag.
             Mangled by Agnes (33 damage)
             ... in the Dungeon (Sprint IV: "Fedhas' Mad Dash").
             The game lasted 00:14:14 (2166 turns).

styxcanada the Imperceptible (Spriggan Brigand)     Turns: 2166, Time: 00:14:14

Health: -8/53      AC:  3    Str:  7    XL:     10   Next: 52%
Magic:  20/20      EV: 25    Int: 13    God:    Gozag
Gold:   1403       SH:  7    Dex: 20    Spells: 14/21 levels left

rFire    . . .     SeeInvis +   a - +2 dagger (venom)
rCold    . . .     Faith    .   n - +0 buckler
rNeg     . . .     Spirit   .   b - +0 robe
rPois    .         Reflect  .   (helmet restricted)
rElec    .         Harm     .   c - +0 cloak
rCorr    .         Rampage  .   (gloves unavailable)
Will     +....     NoTele   +   (boots unavailable)
Stlth    ++++++++..             j - amulet of invisibility {+Inv}
HPRegen  0.00/turn              (no ring)
MPRegen  0.17/turn              (no ring)

@: very slightly contaminated, inhibited regen, very quick
A: very small, no large weapons, unfitting armour, see invisible, speed 3,
inhibited regeneration
a: Renounce Religion, Evoke Invisibility, Potion Petition, Call Merchant, Bribe
Branch


You were in the Dungeon.
You worshipped Gozag.
Gozag was most pleased with you.
You visited 1 branch You collected 2262 gold pieces.
You spent 859 gold pieces at shops.

Inventory:

Hand Weapons
 a - a +2 dagger of venom (weapon)
 o - a +1 dagger of venom
Missiles
 d - 27 poisoned darts (quivered)
 e - 6 curare-tipped darts
Armour
 b - a +0 robe (worn)
 c - a +0 cloak (worn)
 n - a +0 buckler (worn)
 r - a +0 robe of positive energy
Jewellery
 j - the amulet of invisibility (around neck) {+Inv}
   (You found it in the Dungeon)

   [amulet of nothing]

   +Inv:      It lets you turn invisible.
Scrolls
 k - a scroll of blinking
 m - a scroll of magic mapping
 s - a scroll of identify
Potions
 f - 2 potions of curing
 g - 2 potions of heal wounds
 h - a potion of haste
 i - 2 potions of magic
 l - a potion of mutation {unknown}
 q - a potion of might
Miscellaneous
 p - a phantom mirror


   Skills:
 * Level 6.5 Fighting
 + Level 5.9 Short Blades
 + Level 3.3 Throwing
 * Level 10.2 Dodging
 * Level 22.4 Stealth
 * Level 3.8 Shields
 * Level 6.1 Spellcasting
 * Level 3.4 Conjurations
 * Level 3.7 Ice Magic
 * Level 4.5 Air Magic
 * Level 4.9 Poison Magic
 * Level 12.3 Evocations


You had 14 spell levels left.
You knew the following spells:

 Your Spells              Type           Power      Damage    Failure   Level
a - Poisonous Vapours     Pois/Air       32%        N/A       4%          2
b - Freezing Cloud        Conj/Ice/Air   7%         6-21      75%         5

Your spell library contained the following spells:

 Spells                   Type           Power      Damage    Failure   Level
 Corpse Rot               Necr/Air       N/A        N/A       13%         2
 Animate Skeleton         Necr           6%         N/A       22%         1
 Pain                     Necr           12%        1d4       22%         1
 Sublimation of Blood     Necr           1%         N/A       32%         2
 Wereblood                Tmut           3%         N/A       32%         2
 Conjure Flame            Conj/Fire      8%         6-21      32%         3
 Vampiric Draining        Necr           1%         2d6       54%         3
 Fulminant Prism          Conj/Hex       4%         3d6       71%         4
 Iskenderun's Battlesphe  Conj           12%        2d7       82%         5
 Irradiate                Conj/Tmut      4%         3d14      96%         5
 Summon Hydra             Summ           1%         N/A       100%        7


Dungeon Overview and Level Annotations

Branches:
Dungeon (1/1)

Altars:
Cheibriados
Dithmenos
Elyvilon
Gozag
Hepliaklqana
Kikubaaqudgha
Makhleb
Nemelex Xobeh
Okawaru
Qazlal
Ru
Sif Muna
Trog
Uskayaw
Vehumet
Wu Jian
Xom
Yredelemnul
Zin
The Shining One
Beogh
Jiyva
Lugonu

Shops:
D !!*=(:[?

Annotations:
D Agnes


Innate Abilities, Weirdness & Mutations

You are very small and have problems with some larger weapons.
You are too small for most types of armour.
You have supernaturally acute eyesight. (SInv)
You cover ground extremely quickly. (Speed+++)
You do not regenerate when monsters are visible.


Message History

Agnes completely misses you.
Your Spellcasting skill increases to level 6!
Unknown command.
Agnes barely misses you.
You flicker for a moment.
Agnes hits you with a +0 lajatang!!
There is an open door here.
You hit Agnes but do no damage.
Agnes is poisoned.
You block Agnes's attack.
You hit Agnes but do no damage. Agnes completely misses you.
You hit Agnes.
Agnes looks as sick as possible!
Agnes is lightly wounded.
You block Agnes's attack. You block Agnes's attack.
There is an open door here.
You see here a +0 spear.
You flicker back into view.
There is an open door here.
Agnes hits you with a +0 lajatang!!
* * * LOW HITPOINT WARNING * * *
You feel much better.
Agnes says, "It is my duty to kill you, but also my pleasure."
Agnes barely misses you. You block Agnes's attack.
There is an open door here.
You see here the +14 crystal plate armour of the Armoured One {Rampage *Corrode Fly Stlth+}.
Agnes says, "It is my duty to kill you, but also my pleasure."
There is an open door here.
You hit Agnes but do no damage.
Agnes looks even sicker.
Agnes is lightly wounded.
Agnes misses you.
You hit Agnes.
Agnes is lightly wounded.
Agnes hits you with a +0 lajatang!!
* * * LOW HITPOINT WARNING * * *
Agnes completely misses you.
There is an open door here.
You feel much better. Agnes hits you with a +0 lajatang!
Agnes hits you with a +0 lajatang!!
Ouch! That really hurt!
You die...
Your body crumbles into a pile of gold.

##########################
#<..P#....†#.....#.⌠._._._
#PP..'.....'.#...'.._._._.
#PPPP#.....#.#...#..._._._
###############'##.._._._.
#...♣........'...#._._._._
#......♣.@...#...#########
#.....♣.i♣..######♣♣♣♣♣..♣
##'####'######.['......♣..
#..#....'.......#♣..♣♣♣.♣)
#.)#..###.......#.♣♣..♣...
#######*##########*#######
*,,,,,,,,,,,,,,,,,,,,,,*
*∩,,,,,,,,,,,,,,,,,,,,,###
*∩,,,,,,,,,,,,,,,,,,,,,...


You could see Agnes (very poisoned).

Vanquished Creatures
  A spriggan berserker (D)
  A spriggan druid (D)
  6 oklob plants (D)
  A demonic crawler (D)
  3 burning bushes (D)
  A queen bee (D)
  3 wandering mushrooms (D)
  A hornet (D)
  3 scorpions (D)
  4 killer bees (D)
  5 oklob saplings (D)
  5 spriggans (D)
  A river rat (D)
  A rat (D)
  A ballistomycete spore (D)
37 creatures vanquished.

Notes
Turn   | Place    | Note
-------+----------+-------------------------------------------
     0 | D        | styxcanada the Spriggan Brigand began the quest for the
                  | Orb.
     0 | D        | Reached XP level 1. HP: 10/10 MP: 2/2
     9 | D        | Reached skill level 7 in Stealth
     9 | D        | Reached XP level 2. HP: 15/15 MP: 3/3
    11 | D        | Reached skill level 8 in Stealth
    17 | D        | Noticed an oklob sapling
    21 | D        | Killed an oklob sapling
    22 | D        | Reached skill level 10 in Stealth
    22 | D        | Reached XP level 3. HP: 18/18 MP: 4/4
    76 | D        | Noticed a scorpion
    76 | D        | Found the amulet of invisibility {+Inv}
    78 | D        | Killed a scorpion
    79 | D        | Reached skill level 12 in Stealth
    79 | D        | Reached XP level 4. HP: 23/23 MP: 5/5
   100 | D        | Found an opulent altar of Gozag.
   100 | D        | Found a hazy altar of Hepliaklqana.
   100 | D        | Found a burning altar of Makhleb.
   100 | D        | Found a sparkling altar of Nemelex Xobeh.
   100 | D        | Found a snail-covered altar of Cheibriados.
   100 | D        | Found a sacrificial altar of Ru.
   100 | D        | Found a shimmering blue altar of Sif Muna.
   100 | D        | Found a shimmering altar of Xom.
   100 | D        | Found a basalt altar of Yredelemnul.
   101 | D        | Found a viscous altar of Jiyva.
   101 | D        | Found a bloodstained altar of Trog.
   101 | D        | Found an ornate altar of the Wu Jian Council.
   102 | D        | Found an iron altar of Okawaru.
   102 | D        | Found a shadowy altar of Dithmenos.
   102 | D        | Found a glowing silver altar of Zin.
   103 | D        | Found an ancient bone altar of Kikubaaqudgha.
   103 | D        | Found a hide-covered altar of Uskayaw.
   104 | D        | Found a stormy altar of Qazlal.
   104 | D        | Found a white marble altar of Elyvilon.
   104 | D        | Found a glowing golden altar of the Shining One.
   105 | D        | Became a worshipper of Gozag Ym Sagoz the Greedy
   106 | D        | Found a corrupted altar of Lugonu.
   106 | D        | Found a radiant altar of Vehumet.
   110 | D        | Reached skill level 13 in Stealth
   110 | D        | Reached XP level 5. HP: 28/28 MP: 3/6
   156 | D        | Reached skill level 5 in Dodging
   156 | D        | Reached skill level 14 in Stealth
   156 | D        | Reached skill level 1 in Evocations
   163 | D        | Reached skill level 15 in Stealth
   165 | D        | Reached XP level 6. HP: 33/33 MP: 5/7
   233 | D        | Found Ituoquti's Distillery.
   233 | D        | Found Tatuask's Distillery.
   239 | D        | Bought a potion of degeneration for 13 gold pieces
   239 | D        | Bought a potion of heal wounds for 65 gold pieces
   240 | D        | Bought a potion of might for 40 gold pieces
   240 | D        | Bought a potion of berserk rage for 50 gold pieces
   250 | D        | Noticed a burning bush
   250 | D        | Noticed a wandering mushroom
   250 | D        | Noticed a wandering mushroom
   254 | D        | Reached skill level 16 in Stealth
   275 | D        | Killed a wandering mushroom
   276 | D        | Reached skill level 18 in Stealth
   276 | D        | Reached XP level 7. HP: 14/37 MP: 8/8
   301 | D        | Killed a wandering mushroom
   302 | D        | Reached skill level 5 in Evocations
   594 | D        | Killed a burning bush
   595 | D        | Reached skill level 19 in Stealth
   597 | D        | Found Omuitoicun's Book Emporium.
   597 | D        | Found Hisuromuj's Antique Weapon Shoppe.
   603 | D        | Bought a glowing dagger for 115 gold pieces
   624 | D        | Bought a book of Vapours for 264 gold pieces
   627 | D        | Learned a level 2 spell: Poisonous Vapours
   836 | D        | Noticed a queen bee
   843 | D        | Reached XP level 8. HP: 39/42 MP: 7/9
   845 | D        | Killed a queen bee
   846 | D        | Reached skill level 5 in Fighting
   846 | D        | Reached skill level 20 in Stealth
   846 | D        | Reached skill level 1 in Shields
   846 | D        | Reached skill level 1 in Spellcasting
   846 | D        | Reached skill level 1 in Air Magic
   846 | D        | Reached skill level 1 in Poison Magic
   860 | D        | Gained mutation: You do not regenerate when monsters are
                  | visible. [mutagenic glow]
   981 | D        | Learned a level 5 spell: Freezing Cloud
   984 | D        | Noticed an oklob plant
   987 | D        | Killed an oklob plant
   988 | D        | Reached skill level 1 in Conjurations
   988 | D        | Reached skill level 1 in Ice Magic
  1149 | D        | Noticed a burning bush
  1171 | D        | Killed a burning bush
  1339 | D        | Noticed a burning bush
  1339 | D        | Noticed an oklob plant
  1340 | D        | Noticed a wandering mushroom
  1341 | D        | Killed a burning bush
  1342 | D        | Reached XP level 9. HP: 47/47 MP: 11/15
  1346 | D        | Killed an oklob plant
  1347 | D        | Reached skill level 5 in Short Blades
  1347 | D        | Reached skill level 21 in Stealth
  1347 | D        | Reached skill level 10 in Evocations
  1657 | D        | Identified the +14 crystal plate armour of the Armoured One
                  | {Rampage *Corrode Fly Stlth+}
  1701 | D        | Noticed a spriggan druid
  1703 | D        | Killed a spriggan druid
  1754 | D        | Noticed an oklob plant conjurer
  1755 | D        | Killed an oklob plant conjurer
  1766 | D        | Got Vehumet's Catalogue of Confrontation
  1827 | D        | Noticed an oklob plant
  1827 | D        | Noticed an oklob plant summoner
  1828 | D        | Noticed an oklob plant shifter
  1832 | D        | Killed an oklob plant
  1833 | D        | Reached skill level 5 in Spellcasting
  1833 | D        | Reached XP level 10. HP: 53/53 MP: 15/18
  1834 | D        | Killed an oklob plant summoner
  1837 | D        | Killed an oklob plant shifter
  1890 | D        | Reached skill level 22 in Stealth
  1892 | D        | Noticed a spriggan rider
  1893 | D        | Found Pyrurph's Antique Armour Emporium.
  1897 | D        | Found Ocruph's Magic Scroll Shoppe.
  1926 | D        | Reached skill level 10 in Dodging
  1995 | D        | Bought a glowing robe for 92 gold pieces
  1997 | D        | Bought a scroll of identify for 20 gold pieces
  1997 | D        | Bought a scroll of brand weapon for 200 gold pieces
  2115 | D        | Noticed Agnes
  2117 | D        | Found Omuppal's Assorted Antiques.
  2117 | D        | Noticed a spriggan berserker
  2119 | D        | Found Feiladd's Jewellery Shoppe.
  2125 | D        | Killed a spriggan berserker
  2166 | D        | Mangled by Agnes

Illustrated notes

Levels and vault maps discovered:
D:        dungeon_sprint_fedhas [sprint_temple]

Skill      XL: |  1  2  3  4  5  6  7  8  9 10 |
---------------+-------------------------------+-----
Dodging        | 2 3 4 5 6 7 8 9 10 | 10.2
Stealth        | 7 10 12 13 15 18 19 20 21 22 | 22.4
Fighting       | 2 3 4 5 6 |  6.5
Short Blades   | 3 4 5 |  5.9
Evocations     | 2 4 7 9 11 12 | 12.3
Throwing       | 3 |  3.3
Shields        | 2 3 |  3.8
Spellcasting   | 3 5 6 |  6.1
Air Magic      | 2 3 4 |  4.5
Poison Magic   | 2 4 |  4.9
Conjurations   | 1 2 3 |  3.4
Ice Magic      | 1 3 |  3.7

Action                   |  1- 3 |  4- 6 |  7- 9 | 10-12 || total
-------------------------+-------+-------+-------+-------++-------
Melee: Dagger            |     5 |    13 |    81 |    13 ||   112
 Cast: Poisonous Vapours |       |       |       |     6 ||     6
 Abil: Evoke Invisibilit |       |     3 |    11 |     2 ||    16
  Use: Potion            |     1 |       |     1 |     2 ||     4
       Scroll            |       |     2 |     1 |     1 ||     4
 Stab: Sleeping          |     3 |     5 |     9 |     4 ||    21
       Invisible         |       |     3 |     7 |     1 ||    11
       Distracted        |       |       |     1 |       ||     1
Armor: Robe              |       |       |     2 |     1 ||     3
Dodge: Dodged            |       |     7 |    37 |    12 ||    56
Block: Buckler           |       |       |    17 |     8 ||    25
